AoeStats
← Stanko2026

Arabia

510535474Analyzed
2v2 RM · 16h ago on Oct 1, 2026· 45m 56s· 4 players
Game mode
Random Map
Map size
Medium (4 player)
Population
200
Speed
Normal
Resources
Standard
Victory
Conquest
Starting age
Dark Age
Ending age
Imperial Age
RankedLock teamsTeams togetherTeam positionsShared explorationLock speedFull tech treeHidden civsTurbo modeCheats
Victory
Defeat
🇳🇱 Vikings · Netherlands
990
+12
🇳🇱 Vietnamese · Netherlands
776
+22
🇩🇪 Ethiopians · Germany
970
-58
🇩🇪 Goths · Germany
795
-29
Leijf14
0:36 Loom
10:27 Feudal Age
11:51 Wheelbarrow
11:07 Horse Collar
11:14 Double-Bit Axe
14:18 Gold Mining
14:18 Stone Mining
16:37 Wheelbarrow
17:07 Stone Mining
19:45 Fletching
19:55 Padded Archer Armor
25:22 Castle Age
25:23 Pikeman
31:59 Town Watch
34:03 Forging
33:53 Scale Mail Armor
33:49 Bodkin Arrow
34:09 Leather Archer Armor
35:49 Bow Saw
Stanko2026
0:27 Loom
12:10 Feudal Age
13:17 Man-at-Arms
15:28 Double-Bit Axe
15:25 Horse Collar
23:25 Gold Mining
23:25 Stone Mining
27:28 Castle Age
28:30 Crossbowman
34:53 Fletching
36:01 Padded Archer Armor
36:14 Elite Skirmisher
Ancrypto
11:41 Feudal Age
14:51 Fletching
15:02 Padded Archer Armor
22:40 Castle Age
25:38 Bodkin Arrow
25:59 Leather Archer Armor
26:13 Crossbowman
30:47 Ballistics
39:47 Imperial Age
ZeChaos
7:03 Loom
9:56 Feudal Age
10:35 Double-Bit Axe
10:13 Man-at-Arms
14:06 Scale Mail Armor
16:08 Forging
21:37 Castle Age
20:25 Horse Collar
21:00 Scale Barding Armor
22:54 Chain Barding Armor
25:05 Iron Casting
27:06 Chain Mail Armor
26:13 Long Swordsman
28:53 Squires
41:13 Imperial Age
39:28 Arson
39:47 Fletching
41:38 Two-Handed Swordsman
42:30 Champion
43:59 Plate Mail Armor
44:30 Blast Furnace
43:25 Bodkin Arrow
Connection lost

Rejoining the realm…

Still unreachable

The connection could not be restored.

Session expired

The server has moved on; the page needs a fresh start.